 Dungeon Crawl Stone Soup version 0.27-a0-1245-g940ed4fa31 (webtiles) character file.

Game seed: 7467562093122867501

88 Nfirf the Skirmisher (level 4, -2/58 HPs)
             Began as a Palentonga Fighter on June 9, 2021.
             Was an Initiate of Wu Jian.
             Slain by an ogre
             ... wielding a +0 giant club
              (7 damage)
             ... on level 4 of the Dungeon.
             The game lasted 00:08:04 (2219 turns).

Nfirf the Skirmisher (Palentonga Fighter)           Turns: 2219, Time: 00:08:05

Health: -2/58      AC: 22    Str: 19    XL:     4   Next: 29%
Magic:  5/5        EV:  1    Int:  9    God:    Wu Jian [......]
Gold:   71         SH:  8    Dex: 10    Spells: 3/3 levels left

rFire    . . .     SeeInvis +   a - +0 war axe
rCold    . . .     Faith    .   c - +0 kite shield
rNeg     + + +     Spirit   .   (armour currently unavailable)
rPois    +         Reflect  .   (helmet currently unavailable)
rElec    .         Harm     .   (cloak currently unavailable)
rCorr    .         Rampage  .   (gloves currently unavailable)
Will     .....     NoTele   +   (no barding)
Stlth    +.........             (no amulet)
HPRegen  0.19/turn              (no ring)
MPRegen  0.09/turn              (no ring)

@: mighty, tree-form
A: stationary, stasis, torment immunity, boosted hp, large, rugged brown scales
3, see invisible, (deformed body), (roll 1), (armoured tail)
a: Renounce Religion


You were on level 4 of the Dungeon.
You worshipped Wu Jian.
Wu Jian was noncommittal.
You were a tree.
You visited 1 branch of the dungeon, and saw 3 of its levels.

You collected 71 gold pieces.

Inventory:

Hand Weapons
 a - a +0 war axe (weapon)
Armour
 c - a +0 kite shield (worn)
 i - a +0 leather armour (melded)
Scrolls
 b - a scroll of holy word {unknown}
 f - a scroll of enchant weapon {unknown}
 g - a scroll of blinking {unknown}
 j - a scroll of brand weapon {unknown}


   Skills:
 * Level 4.0 Fighting
 + Level 2.6 Axes
 - Level 2.4 Armour
 + Level 2.8 Shields
 + Level 1.7 Invocations


You had 3 spell levels left.
You didn't know any spells.
Your spell library contained the following spells:

 Spells                   Type           Power      Damage    Failure   Level
 Shock                    Conj/Air       0%         1d3       83%         1
 Static Discharge         Conj/Air       0%         N/A       92%         2
 Swiftness                Air            0%         N/A       99%         3
 Airstrike                Air            0%         N/A       100%        4
 Lightning Bolt           Conj/Air       0%         1d11      100%        5


Dungeon Overview and Level Annotations

Branches:
Dungeon (2/15)

Altars:
Wu Jian


Innate Abilities, Weirdness & Mutations

You are a tree.
Your roots penetrate the ground, keeping you stationary.
You cannot be teleported.
You are immune to unholy pain and torment.
Your maximum health is greatly increased.
Your equipment is partially melded.
(You are completely covered in rugged brown scales. (AC +3, +7% HP))
You have supernaturally acute eyesight. (SInv)
((Armour fits poorly on your strangely shaped body.))
((You can roll at nearby foes to attack.))
((You have a long armoured tail.))


Message History

The hobgoblin hits you but does no damage.
You hit the hobgoblin. You tail-slap the hobgoblin.
You kill the hobgoblin!
The Council accepts your kill.
A ball python comes into view.
The ball python hisses angrily.
You slash the ball python!
You kill the ball python!
The Council accepts your kill.
An ogre comes into view. It is wielding a +0 giant club.
You feel very mighty all of a sudden.
Roll where?
Press: ? - help, Q - select action Dir - move target, f - ogre
Aim: an ogre, wielding a +0 giant club You roll forward with a clatter of scales!
You hit the ogre.
The ogre is lightly wounded.
You block the ogre's attack.
You completely miss the ogre.
The ogre is lightly wounded.
The ogre hits you with a +0 giant club!
You barely miss the ogre.
The ogre is lightly wounded.
The ogre barely misses you. You block the ogre's attack.
You hit the ogre.
The ogre is moderately wounded.
You block the ogre's attack.
You slash the ogre!
The ogre is severely wounded.
The ogre hits you with a +0 giant club!
* * * LOW HITPOINT WARNING * * *
Really quaff the potion of lignification?
You turn into a tree.
Your +0 leather armour melds into your body.
Your roots penetrate the ground.
The ogre hits you with a +0 giant club!
* * * LOW HITPOINT WARNING * * *
You barely miss the ogre.
The ogre is severely wounded.
The ogre hits you with a +0 giant club!
You die...

## .## ... # ....############
#.##. #............# ##....
#.O.......# ......#
##........# .......##
#........#
........############........#
#........♣O.########.##
#..########..#######.# .
##.## ##.....O...# .### #..#
########### ...# ##.#####
#.## #.....# #..## #####.#
##..#### #.###
##....######...#


You could see an ogre.

Vanquished Creatures
  2 adders (D:2)
  A worm (D:2)
  2 dart slugs
  An orc (D:2)
  7 bats
  6 endoplasms
  A giant cockroach (D:2)
  6 goblins
  8 hobgoblins
  A jackal (D:4)
  4 ball pythons
  5 frilled lizards
  6 kobolds
  7 rats
57 creatures vanquished.

Notes
Turn   | Place    | Note
-------+----------+-------------------------------------------
     0 | D:1      | Nfirf the Palentonga Fighter began the quest for the Orb.
     0 | D:1      | Reached XP level 1. HP: 19/19 MP: 1/1
   143 | D:1      | Reached XP level 2. HP: 18/25 MP: 2/2
   290 | D:1      | Reached skill level 1 in Invocations
   757 | D:2      | Reached XP level 3. HP: 27/31 MP: 3/3
  1472 | D:2      | Found an ornate altar of the Wu Jian Council.
  1480 | D:2      | Became a worshipper of the Wu Jian Council
  1706 | D:2      | Reached XP level 4. HP: 33/39 MP: 5/5
  1999 | D:2      | Reached skill level 4 in Fighting
  2103 | D:2      | You fall into a shaft and drop 2 floors!
  2190 | D:4      | Noticed an ogre
  2219 | D:4      | Slain by an ogre

Illustrated notes

Levels and vault maps discovered:
D:1:      dpeg_arrival_houses_and_road, layout_basic, st_stairs_1,
          lemuel_old_faithful
D:2:      minmay_chambers_of_twos, layout_basic, basic_altar,
          nrook_mini_backslash
D:4:      layout_rooms, nicolae_vehumet_altar_sigil,
          minmay_temple_entry_junction, uniq_duvessa

Skill      XL: |  1  2  3  4 |
---------------+-------------+-----
Invocations    | 1 |  1.7
Fighting       | 4 |  4.0
Axes           | |  2.6
Armour         | |  2.4
Shields        | |  2.8

Action                   |  1- 3 |  4- 6 || total
-------------------------+-------+-------++-------
Melee: War axe           |   105 |    29 ||   134
       Tailslap          |     7 |     1 ||     8
 Abil: Rolling Charge    |    21 |     7 ||    28
  Use: Scroll            |     1 |       ||     1
       Potion            |     2 |     2 ||     4
Armor: Scale mail        |    23 |       ||    23
       Leather armour    |    18 |    11 ||    29
       Skin              |    10 |     5 ||    15
Dodge: Dodged            |    27 |     6 ||    33
Block: Kite shield       |    33 |    14 ||    47

Table legend: (Time is in decaauts)
 A = Elapsed time spent in this place.
 B = Non-inter-level travel time spent in this place.
 C = Inter-level travel time spent in this place.
 D = Time resting spent in this place.
 E = Time spent auto-exploring this place.
 F = Levels seen in this place.
 G = Mean time per level.
                   A        B        C        D        E       F      G
               +--------+--------+--------+--------+--------+-----+--------+
         Total |   2297 |   2270 |     27 |    117 |   1726 |   3 |  765.7 |
       Dungeon |   2297 |   2270 |     27 |    117 |   1726 |   3 |  765.7 |
               +--------+--------+--------+--------+--------+-----+--------+

Top non-repeatable levels by time:
     D:2: 1413 daAuts
     D:1: 763 daAuts
     D:4: 121 daAuts
